 Dungeon Crawl Stone Soup version 0.17-a0-2002-g92c7e20 (webtiles) character file.

722 4thArraOfDagon the Chopper (level 7, -7/63 HPs)
             Began as a Deep Dwarf Gladiator on Oct 8, 2015.
             Mangled by an ogre
             ... wielding a +0 giant spiked club
              (17 damage)
             ... while paralysed
             ... on level 7 of the Dungeon.
             The game lasted 00:07:33 (1172 turns).

4thArraOfDagon the Chopper (Deep Dwarf Gladiator)   Turns: 1172, Time: 00:07:34

Health: -7/63      AC:  9    Str: 18    XL:     7   Next: 43%
Magic:  9/9        EV:  2    Int: 11    God:
Gold:   133        SH:  0    Dex: 13    Spells: 0 memorised, 6 levels left

rFire  . . .     SeeInvis .     a - +1 war axe
rCold  . . .     Clarity  .     m - +0 scale mail
rNeg   . . .     SustAt   .     (no shield)
rPois  .         Gourm    .     c - +0 helmet
rElec  .         Spirit   .     (no cloak)
rCorr  .         Warding  .     b - +0 pair of gloves
rMut   .         Stasis   .     (no boots)
MR     +....                    (no amulet)
Stlth  ..........               (no ring)
                                (no ring)

@: paralysed, fainting, non-regenerating, somewhat resistant to hostile
enchantments, extremely unstealthy
A: damage resistance, recharge devices, sense surroundings 1, slow regeneration
3
a: Device Recharging


You were on level 7 of the Dungeon.
You were fainting.

You visited 2 branches of the dungeon, and saw 8 of its levels.

You collected 133 gold pieces.

Inventory:

Hand Weapons
 a - a +1 war axe (weapon)
Missiles
 s - 3 javelins (quivered)
 u - a tomahawk of dispersal
Armour
 b - a +0 pair of gloves (worn)
 c - a +0 helmet (worn)
 m - a +0 scale mail (worn)
Wands
 e - a wand of heal wounds (2)
Scrolls
 g - 4 scrolls of identify
 l - a scroll of noise
 o - 2 scrolls of enchant weapon
 r - a scroll of remove curse
Potions
 h - a potion of brilliance
 j - a potion of magic
 k - a potion of curing
 n - a potion of berserk rage
Comestibles
 f - 4 bread rations
 i - a meat ration
 p - 6 chunks of flesh
 t - 5 fruits


   Skills:
 + Level 3.7 Fighting
 * Level 7.1 Axes
 - Level 1.7 Throwing
 + Level 3.9 Armour
 - Level 3.2 Dodging
 + Level 3.1 Evocations


You had 6 spell levels left.
You didn't know any spells.

Dungeon Overview and Level Annotations

Branches:
Dungeon (7/15)             Temple (1/1) D:7

Altars:
Cheibriados
Dithmenos
Elyvilon
Gozag
Nemelex Xobeh
Okawaru
Qazlal
Ru
The Shining One

Annotations:
D:4 Anothat's ghost, amateur DsMo
D:5 Anothat's ghost, novice MfSk
D:6 Anothat's ghost, novice MfSk


Innate Abilities, Weirdness & Mutations

You are resistant to damage.
You can recharge devices by infusing magical energy.
You passively map a small area around you.
You do not regenerate naturally.


Message History

Press: ? - help, Shift-Dir - straight line, f - ogre
Aim: an ogre, wielding a giant spiked club (moderately wounded)
You throw a throwing net. The throwing net hits the ogre.
The ogre is caught in the net!
The ogre is moderately wounded.
The ogre struggles against the net.
The helpless ogre fails to defend itself.
You hit the ogre.
The ogre is moderately wounded.
The ogre struggles against the net.
You slash the ogre!
The ogre is severely wounded.
You lose consciousness!
The ogre struggles against the net.
The ogre struggles against the net. x2
The net rips apart, and the ogre comes free!
The ogre hits you with a giant spiked club!
* * * LOW HITPOINT WARNING * * *
The ogre hits you with a giant spiked club!!
You die...

........>.............. ,
..#.........#......##. *
,###..⌠...⌠..##......#. ,
,#..................... *
.....#.........#.......#.
.....##.##.##.##.......#.
* ...
#....#....###.######. ,
%.....#O##..## #.# #.
...##.##@##.#####[# #.
,,...$............W.#
##### .........#.#####.#
#.... *
..#####.##.#####.#######
, ,, ..
*#.##.##........... ,
..........)....... , ,
......#####)[.###.# , ,
,, ,, .............###
#.# , ,##..###..# #.#


You could see an ogre.

Vanquished Creatures
  A hungry ghost (D:7)
  An ogre (D:7)
  A centaur (D:6)
  2 orc priests
  A giant frog zombie (D:5)
  A centaur skeleton (D:6)
  A hound (D:5)
  4 orc wizards
  3 worker ants (D:7)
  A hound zombie (D:7)
  4 adders
  A shadow imp (D:6)
  A worm (D:6)
  2 giant geckos
  11 orcs
  2 giant cockroaches
  3 hobgoblins
  3 jackals (D:6)
  A kobold (D:2)
  2 quokkas
  2 bats
  4 giant newts
  A rat (D:3)
53 creatures vanquished.

Notes
Turn   | Place    | Note
--------------------------------------------------------------
     0 | D:1      | 4thArraOfDagon the Deep Dwarf Gladiator began the quest for the Orb.
     0 | D:1      | Reached XP level 1. HP: 19/19 MP: 1/1
     0 | D:1      | tribute to Einstein
    15 | D:1      | You fall through a shaft!
    88 | D:2      | Reached XP level 2. HP: 21/26 MP: 2/2
   188 | D:3      | Found an opulent altar of Gozag.
   198 | D:3      | Reached skill level 4 in Axes
   199 | D:3      | Found a glowing golden altar of the Shining One.
   234 | D:3      | Reached skill level 1 in Armour
   234 | D:3      | Reached XP level 3. HP: 13/32 MP: 3/3
   312 | D:4      | Noticed Anothat's ghost (amateur DsMo)
   368 | D:5      | Entered Level 5 of the Dungeon
   389 | D:5      | Reached XP level 4. HP: 18/40 MP: 4/4
   470 | D:5      | Reached skill level 5 in Axes
   520 | D:5      | Noticed Anothat's ghost (novice MfSk)
   575 | D:6      | Reached XP level 5. HP: 18/48 MP: 5/5
   590 | D:6      | Found a sparkling altar of Nemelex Xobeh.
   649 | D:6      | Reached skill level 1 in Evocations
   687 | D:6      | Found a snail-covered altar of Cheibriados.
   697 | D:6      | Reached XP level 6. HP: 26/56 MP: 7/7
   704 | D:5      | Noticed a black bear
   705 | D:5      | Noticed a scorpion
   736 | D:6      | Noticed a centaur
   747 | D:6      | Killed a centaur
   747 | D:6      | Reached skill level 6 in Axes
   785 | D:6      | Noticed Anothat's ghost (novice MfSk)
  1016 | D:7      | Reached XP level 7. HP: 38/62 MP: 8/8
  1076 | D:7      | Found a staircase to the Ecumenical Temple.
  1077 | D:7      | Noticed a hungry ghost
  1099 | Temple   | Entered the Ecumenical Temple
  1162 | D:7      | Killed a hungry ghost
  1162 | D:7      | Reached skill level 7 in Axes
  1172 | D:7      | Mangled by an ogre

Vault maps used:
D:1:      dpeg_arrival_castle, st_stairs_12, minmay_splitting_lines,
          minmay_misc_feat_room
D:2:      hex_medium, uniq_iyjb, uniq_terence
D:3:      lemuel_crystal_altar, nicolae_overflow_hidden_temple,
          nicolae_gozag_cash_rules_everything_around_me
D:4:      lemuel_doored_altar, cheibrodos_ashenzari_chains,
          lemuel_coloured_pillars_altar
D:5:      kennysheep_mini, lemuel_blue_sif_altar, basic_altar, first_bread,
          st_stairs_11
D:6:      slow_altar_1, lemuel_round_altar
D:7:      old_standard_altar, overflow_temple_1_default,
          minmay_temple_entry_large_hall, uniq_prince_ribbit1
Temple:   circular_temple_6

Action                   |  1- 3 |  4- 6 |  7- 9 || total
-------------------------+-------+-------+-------++-------
Melee: War axe           |    59 |   125 |    39 ||   223
Throw: Throwing net      |     6 |     4 |     1 ||    11
Evoke: Wand              |     1 |     2 |       ||     3
  Use: Scroll            |       |     8 |       ||     8
 Stab: Held in net/web   |       |     4 |     1 ||     5
  Eat: Chunk             |       |     1 |     1 ||     2
